Cogmind - Beta 14 @@@ ROGUE MODE // 2024.10.02 @ 05:42:03 Player: Zaros426 Result: Destroyed by D-53 Grenadier with Mini Grenade Launcher Performance ------------- Evolutions (0) 0 Regions Visited (2) 400 Robots Destroyed (43) 215 Value Destroyed (890) 890 Prototype IDs (5) 100 Alien Tech Used (0) 0 Bonus (0) 0 TOTAL SCORE: 1605 Bonus ------- None Cogmind --------- Core Integrity 0/250 Matter 127/300 Energy 250/250 System Corruption 0% Temperature Cool (77) Movement Treading (320) Ox2 Location -10/Mines Parts ------- > --- POWER (1) -------- Ion Engine > --- PROPULSION (2) --- Light Treads > --- UTILITY (2) ------ High-capacity Storage Unit Hacking Suite > --- WEAPON (2) ------- Medium Laser > --- INVENTORY (20) --- Ion Engine Armored Treads Armored Treads Wheel Improved Heat Sink High-capacity Matter Pod (0) Structural Scanner Improved Terrain Scanner Seismic Detector ECM Suite Improved Trap Extractor (0/6) EM Pulse Cannon High-powered Shotgun Grenade Launcher Grenade Launcher Improved Grenade Launcher Datajack Katana Peak State ------------ > --- POWER ------------ Ion Engine > --- PROPULSION ------- Light Treads Light Treads > --- UTILITY ---------- High-capacity Storage Unit Hacking Suite > --- WEAPON ----------- Grenade Launcher Grenade Launcher > --- INVENTORY -------- Ion Engine Armored Treads Wheel Improved Heat Sink High-capacity Matter Pod Structural Scanner Improved Terrain Scanner Seismic Detector ECM Suite Medium Laser EM Pulse Cannon High-powered Shotgun Light Cannon Improved Grenade Launcher Datajack Datajack Mining Claw Katana [Rating: 12] Favorites ----------- Power Ion Engine Engine Ion Engine Propulsion Light Treads Treads Light Treads Wheel Compact Wheel Utility Hacking Suite Storage Large Storage Unit Processor Targeting Computer Hackware Hacking Suite Weapon Grenade Launcher Energy Gun Small Laser Ballistic Gun Light Assault Rifle Ballistic Cannon Light Cannon Launcher Grenade Launcher Build | -11 -10 -10 ------- Run | Yrd Mat Min Slots Evolved . | . . . Power . | . . . Propulsion . | . . . Utility . | . . . Weapon . | . . . Parts Attached 22 | 7 11 4 Power 3 | 1 1 1 Engine 3 | 1 1 1 Core . | . . . Reactor . | . . . Propulsion 5 | 2 3 . Treads 3 | 2 1 . Leg . | . . . Wheel 2 | . 2 . Hover . | . . . Flight . | . . . Utility 6 | 1 4 1 Device . | . . . Storage 4 | 1 2 1 Processor 1 | . 1 . Hackware 1 | . 1 . Protection . | . . . Artifact . | . . . Weapon 8 | 3 3 2 Energy Gun 4 | 2 1 1 Energy Cannon . | . . . Ballistic Gun 1 | 1 . . Ballistic Cannon 1 | . . 1 Launcher 2 | . 2 . Special Weapon . | . . . Impact Weapon . | . . . Slashing Weapon . | . . . Piercing Weapon . | . . . Special Melee Weapon . | . . . Unidentified Prototypes . | . . . Parts Lost 7 | . 5 2 Power 1 | . 1 . Propulsion 3 | . 2 1 Utility . | . . . Weapon 3 | . 2 1 Highest Loss Streak 2 | . 2 2 To Critical Strikes . | . . . Average Slot Usage (%) 93 | . 90 100 Engine 12 | . 12 14 Treads 23 | . 22 28 Storage 14 | . 14 14 Hackware 11 | . 11 14 Energy Gun 5 | . 7 . Ballistic Gun 3 | . 4 . Launcher 18 | . 15 27 Peak Build Rating 12 | 6 10 12 Average Rating 8 | 5 8 11 On Entrance 5 | . 6 10 Naked Turns . | . . . Heaviest Build 51 | 11 31 51 Greatest Support 40 | 40 40 40 Greatest Overweight (x) 3 | . 3 1 Average Overweight (x) . | . . . Largest Inventory Capacity 20 | 8 15 20 Average Capacity 13 | 7 13 17 Most Carried 19 | 4 14 19 Average Carried 10 | 2 9 16 Final Capacity 20 | 8 15 20 Final Carried 18 | 4 14 18 Class Distribution -------------------- 100% | Mutant Dominant Class ---------------- Mutant | -10/Materials Mutant | -10/Mines Resources | -11 -10 -10 ----------- Run | Yrd Mat Min Matter Collected 616 | 298 229 89 Remotely . | . . . Salvage Created 978 | 264 686 28 Parts 86 | 23 55 8 Haulers Intercepted . | . . . Recyclers Shooed . | . . . Parts Field Recycled . | . . . Retrieved Matter . | . . . Parts Self-Destructed . | . . . Prevented . | . . . Kills | -11 -10 -10 ------- Run | Yrd Mat Min Combat Hostiles Destroyed 23 | . 19 4 Guns 6 | . 6 . AOE 17 | . 13 4 Classes Destroyed 8 | 3 4 1 Worker 1 | 1 . . Tunneler 11 | 9 2 . Recycler 3 | 1 2 . Operator 3 | . 3 . Watcher 3 | . 3 . Swarmer 9 | . 6 3 Grunt 13 | . 13 . Assembled 1 | . . 1 Best Kill Streak 6 | 3 6 3 Combat Bots Only 5 | . 5 3 Max Kills in Single Turn 3 | 1 3 3 Gunslinging . | . . . Exploded 3 | . 3 3 Melee . | . . . Uniques/NPCs Destroyed . | . . . Combat | -11 -10 -10 -------- Run | Yrd Mat Min Hostile Shots Fired 87 | . 78 9 Missed 25 | . 24 1 Damage Taken 1084 | . 697 387 Core 263 | . 140 123 Absorbed by Shields . | . . . Core Remaining (%) 100 | 100 . . Volleys Fired 107 | 31 70 6 Largest 2 | 2 2 2 Hottest 85 | 60 70 85 Shots Fired 207 | 59 137 11 Gun 173 | 59 110 4 Cannon 3 | . . 3 Launcher 31 | . 27 4 Special . | . . . Kinetic 80 | 28 49 3 Thermal 64 | 28 32 4 Explosive 31 | . 27 4 Electromagnetic 32 | 3 29 . Robot Hit Streak 19 | 9 19 5 Robot Miss Streak 4 | 4 4 3 Penetration Max . | . . . Secondary Targets . | . . . Shots Hit Robots 116 | 38 74 4 Core Hits 76 | 19 52 5 Critical Kills . | . . . Critical Parts Destroyed . | . . . Critical Strikes . | . . . Melee Attacks . | . . . Impact . | . . . Slashing . | . . . Piercing . | . . . Sneak Attacks . | . . . Combat Hostiles . | . . . Follow-up Attacks . | . . . Damage Inflicted 2246 | 408 1617 221 Guns 1118 | 408 697 13 Cannons 35 | . . 35 Explosions 1093 | . 920 173 Melee . | . . . Ramming . | . . . Kinetic 471 | 149 287 35 Thermal 543 | 221 309 13 Explosive 952 | . 779 173 Electromagnetic 280 | 38 242 . Impact . | . . . Slashing . | . . . Piercing . | . . . Highest Corruption . | . . . Average Corruption . | . . . Corruption Purged . | . . . Corruption Blocked . | . . . Overload Shots . | . . . Overflow Damage 9 | . . 9 Projectiles 9 | . . 9 Explosions . | . . . Melee . | . . . Knockbacks 2 | . . 2 Impact . | . . . Kinetic 2 | . . 2 Secondary . | . . . Self-Inflicted Damage 81 | . 50 31 Shots 3 | . 2 1 Rammed . | . . . Targets Rammed . | . . . Kicked . | . . . Crushed . | . . . Highest Temperature 107 | 40 107 77 Average Temperature 29 | 19 33 43 Received Heat Transfer 357 | . 357 . Siege Activations . | . . . Robots Corrupted . | . . . Combat Hostiles . | . . . Parts Fried 1 | . 1 . Impact Corruptions . | . . . Robots Melted . | . . . Combat Hostiles . | . . . Parts Melted 1 | 1 . . Heat Transferred 1162 | 500 625 37 Parts Sabotaged . | . . . Parts Stolen . | . . . Parts Stripped . | . . . Power Chain Reactions 1 | . 1 . Alert | -11 -10 -10 ------- Run | Yrd Mat Min Peak Influence 612 | 55 612 304 Initial 205 | . 35 205 Average 236 | 26 283 223 Maximum Alert Level 2 | . 2 1 Low Security (%) 39 | 100 29 35 Level 1 47 | . 50 64 Level 2 13 | . 20 . Level 3 . | . . . Level 4 . | . . . Level 5 . | . . . High Security . | . . . Max Security . | . . . Squads Dispatched 5 | . 5 . Investigation 3 | . 3 . Extermination . | . . . Reinforcement 2 | . 2 . Assault . | . . . Garrison . | . . . Intercept . | . . . Searches Triggered . | . . . Construction Impeded . | . . . Haulers Reinforced . | . . . Active Scanning Responses . | . . . Cargo Convoy Interrupts . | . . . Stealth | -11 -10 -10 --------- Run | Yrd Mat Min Distress Signals 1 | . 1 . Communications Jammed . | . . . Distress Signals . | . . . Times Spotted 36 | . 30 6 Peak Tracking Total 4 | . 4 3 Tactical Retreats 1 | . 1 . Traps | -11 -10 -10 ------- Run | Yrd Mat Min Traps Triggered 1 | . 1 . Indirectly . | . . . Trap Hack Attempts . | . . . Triggered . | . . . Disarmed . | . . . Reprogrammed . | . . . Reused . | . . . Traps Extracted . | . . . Installed . | . . . Triggered . | . . . Machines | -11 -10 -10 ---------- Run | Yrd Mat Min Machines Disabled 14 | . 14 . Max in Single Turn 3 | . 3 . Machines Repaired . | . . . Machines Dismantled . | . . . Machines Sabotaged . | . . . Overloaded Fab Kills . | . . . Hacking | -11 -10 -10 --------- Run | Yrd Mat Min Machines Accessed 9 | . 8 1 Terminals 6 | . 6 . Fabricators . | . . . Repair Stations . | . . . Recycling Units 2 | . 2 . Scanalyzers . | . . . Garrison Access . | . . . Total Hacks 26 | . 25 1 Successful 15 | . 14 1 Failed 11 | . 11 . Catastrophic 2 | . 2 . Database Lockouts . | . . . Manual 17 | . 17 . Terminals 23 | . 23 . Fabricators . | . . . Repair Stations . | . . . Recycling Units 2 | . 2 . Scanalyzers . | . . . Garrison Access . | . . . Terminal Hacks 6 | . 5 1 Robot Schematic 1 | . 1 . Robot Analysis 1 | . 1 . Prototype ID Bank 3 | . 3 . Open Door 1 | . . 1 Fabricator Hacks . | . . . Repair Station Hacks . | . . . Recycling Unit Hacks . | . . . Scanalyzer . | . . . Garrison Access Hacks . | . . . Unauthorized Hacks 9 | . 9 . Terminals 7 | . 7 . Assimilate 1 | . 1 . Skim 6 | . 6 . Fabricators . | . . . Repair Stations . | . . . Recycling Units 2 | . 2 . Tunnel 2 | . 2 . Scanalyzers . | . . . Garrison Access . | . . . Data Cores Recovered 1 | . 1 . Used . | . . . Hacking Detections 5 | . 5 . Full Trace Events 2 | . 2 . Feedback Events . | . . . Feedback Blocked . | . . . Robot Schematics Acquired 1 | . 1 . Robots Built . | . . . Authchips . | . . . Time . | . . . Total Robot Build Rating . | . . . Part Schematics Acquired . | . . . Parts Built . | . . . Authchips . | . . . Time . | . . . Total Part Build Rating . | . . . Parts Repaired . | . . . Time . | . . . Parts Recycled . | . . . Recycled Matter . | . . . Retrieved Matter . | . . . Retrieved Components . | . . . Parts Scanalyzed . | . . . Part Schematics Acquired . | . . . Parts Damaged . | . . . Bothacking | -11 -10 -10 ------------ Run | Yrd Mat Min Used RIF Installer . | . . . Robots Hacked . | . . . Non-combat . | . . . Combat . | . . . Robot Hacks Applied . | . . . Relay Couplers Released . | . . . Fabnet Peak Effective % . | . . . Robots Rewired . | . . . Allies Hacked . | . . . Hacks Repelled . | . . . Allies | -11 -10 -10 -------- Run | Yrd Mat Min Total Allies . | . . . Largest Group . | . . . Highest-Rated Group . | . . . Highest-Rated Ally . | . . . Total Orders . | . . . Ally Attacks . | . . . Total Damage . | . . . Kills . | . . . Allies Corrupted . | . . . Allies Melted . | . . . Intel | -11 -10 -10 ------- Run | Yrd Mat Min Robot Analysis Total 1 | . 1 . Derelict Logs Recovered . | . . . Drone Launches . | . . . Drone Recoveries . | . . . Exploration | -11 -10 -10 ------------- Run | Yrd Mat Min Turns Passed 2597 | 332 1641 624 Spaces Moved 1218 | 145 784 289 Core 3 | 3 . . Treads 1095 | 142 664 289 Legs . | . . . Wheels 120 | . 120 . Hover . | . . . Flight . | . . . Fastest Speed 50 | 50 115 160 Average Speed 178 | 157 174 199 Slowest Speed 240 | 160 240 240 Overloaded Moves . | . . . Propulsion Burnouts . | . . . Robots Hopped . | . . . Cave-ins Triggered . | . . . Exploration Rate (%) 55 | 7 96 63 Regions Visited 2 Branch Regions 1 Pre-discovered Areas 2 | . 2 . Known Exits Taken . | . . . Unknown Exits Taken 2 | 1 1 . Scrap Searched 1 | . . 1 Spaces Dug 69 | . 52 17 Terrain Destroyed 261 | . 231 30 Melee . | . . . Projectile . | . . . AOE 261 | . 231 30 Terrain Rammed . | . . . Walls Destroyed . | . . . Machines Disabled . | . . . Actions | -11 -10 -10 --------- Run | Yrd Mat Min Total 1448 | 193 928 327 Wait 64 | 5 42 17 Move 1216 | 144 783 289 Hop . | . . . Pick Up 27 | 4 16 7 Fast Attach 12 | 7 5 . Attach 3 | . 3 . Detach 2 | 1 1 . Swap 7 | . 3 4 Drop 10 | 1 5 4 Fire 107 | 31 70 6 Melee . | . . . Ram . | . . . Kick . | . . . Crush . | . . . Escape Stasis . | . . . Rewire . | . . . Trap . | . . . Miscellaneous . | . . . Route ------- -11/Scrapyard -10/Materials (discovered 5 exits: [*Mat x3] / *Min x2) -10/Mines (discovered 1 exit: [*Sub]) History --------- Turn | Location | Event 22 | -11/Scrapyard | Discovered new exit (range 16) 333 | -11/Scrapyard | Entered Materials 334 | -10/Materials | Build established: Mutant 650 | -10/Materials | Discovered new exit (range 7) 734 | -10/Materials | Discovered new exit (range 12) 845 | -10/Materials | Core integrity fell below 50% 899 | -10/Materials | Discovered new exit (range 10) 1199 | -10/Materials | Discovered new exit (range 12) 1864 | -10/Materials | Discovered new exit (range 14) 1974 | -10/Materials | Entered Mines 2220 | -10/Mines | Met a Derelict who couldn't figure out how to use a Trap Extractor 2343 | -10/Mines | Assembled infested the area 2566 | -10/Mines | Discovered new exit (range 9) 2597 | -10/Mines | Core integrity fell below 20% 2598 | -10/Mines | Destroyed by D-53 Grenadier with Mini Grenade Launcher Last Messages --------------- 02268_ U-05 Engineer lays Concrete. 02274_ U-05 Engineer builds a Wall. 02283_ U-05 Engineer lays Concrete. 02287_ U-05 Engineer builds a Wall. 02288_ U-05 Engineer lays Concrete. 02294_ U-05 Engineer builds a Wall. 02297_ U-05 Engineer lays Concrete. 02343_ ALERT: Infestation in the mines, dispatching Demolisher response squad. 02364_ as-60130 destroyed. 02365_ U-05 Engineer lays Concrete. 02369_ U-05 Engineer builds a Wall. 02374_ U-05 Engineer lays Concrete. 02376_ U-05 Engineer builds a Wall. 02566_ EXIT=FOUND 02586_ Dropped Datajack. 02588_ D-53 Grenadier knocked back. 02591_ Lgt. Treads destroyed. 02591_ Destroyed Shock Absorption System. 02591_ D-53 Grenadier knocked back. 02596_ Lgt. Cannon destroyed. Map ----- +----------------------------------------------------+ | ????????????"##???????# #????????? | | ???????????? ##?????## ##???????? | | ???????????? #??????## ##??????? | | ???????????? ???????## ##?????? | | ????????????? ????????## """ #?????? | | ????????????? #?????????# """ #?????? | | ?????????????# #?????????## """ ##?????? | | ?????????????# #??????????# #??????? | | ?????????????# #??????????## #??????? | | ?????????????# ##??????????##### ##??????? | | ???????????### #??????????????## ####???????? | | ??????????## #???????????????# #??????????? | | ?????????## #???????????????# #??????????? | | ????????## ##????????????### #??????????? | | ????????# ##??????????## #########??? | | ????????# ### ##????????## k #??? | | ????????# ##?## ###?????## #?? | | ????????# ##??### %##????# ###### #? | | ???????## #????## ##??## #????# #? | | ???????# ##????##dd #### ##????## ##? | | ?# ##### ##???## ## ##???????# ##?? | | ?# #???# #?????????###??? | | ?####### #???# #??????????????? | | ???????# #???# ##??????????????? | | ??????## ##???## ##?????????????? | | ??##### #?????# @ #?????????????? | | ?## ##?????# ##?????????????? | | ## ##??????# ### #????????? | | # ##???????## #????????? | | #?????????## t #????????? | | ## ##??????????## ### #???????? | | ##########????????????# #???##<#???????? | | ??????????????????????# ### #?????#???????? | | ?????????????????????# ##?## #????????????? | | ?????????????????????# #????# #????????????? | | ?????????????????????##?????## ##????????????? | | ??????????????????????????????###?????????????? | | ??????????????????????????????????????????????? | | ??????????????????????????????????????????????? | | ??????????????????????????????????????????????? | | | | | | | | | | | | | | | | | | | | | +----------------------------------------------------+ Best States ------------- Heat Dissipation 25 Energy Generation 10 Energy Capacity 250 Matter Stores 300 Matter Capacity 300 Sight Range 16 Terrain Scan Density 10 Evasion (%) 40 Targeting Accuracy 5 Recoil Reduction 2 Offensive Hacking 10 Item Schematics ----------------- None Robot Schematics ------------------ M-13 Machinist | -10/Materials | Hacked Fabricated ------------ Nothing Alien Tech Used ----------------- None Achievements -------------- None Challenges ------------ None Game ------ Seed PointyForceCompressor Manual? 0 Play Time 00:14:57 Cumulative 133.7 hours Start 2024.10.02 @ 05:29:23 End 2024.10.02 @ 05:42:03 Sessions 1 Manual Loads 0 Difficulty Rogue Special Mode None Game No. 66 Rogue 66 Adventurer 0 Explorer 0 Win Type - Total 0 Types 0/0/0/0/0/0/0/0/0 Lore% 49 Gallery% 68 Achievement% 56 Wizard Run 0 Options --------- Layout 0 ASCII 0 Keyboard 0 Movement Mouse Keybinds 0 Fullscreen 1 Font 24/Smallcaps Map View 183x50 Zoom Use 0% Tactical HUD 1 Map Filters NONE Filters NONE Steam 0 RUN: 8bffbe70-a564-4475-8536-e2584bdbc9bc